Map: Miasto szlamu

Players

фантом

  • Race: Terran Terran
  • Spawn Location: 11:00

нефалем

  • Race: Protoss Protoss
  • Spawn Location: 9:00

Alex - Winner!

  • Race: Zerg Zerg
  • Spawn Location: 5:00

Gracz - Winner!

  • Race: Terran Terran
  • Spawn Location: 5:00

VOD

Have the link to the VOD?

Description

Time

  • Played on: Feb. 23, 2016, 9:19 a.m.
  • Length: 18:16
Show
View Real Time Build Order
Export as new Build Order

фантом Terran 

Build Orders:  

Get SALT Encoding   

  12  0:05  SCV  
  13  0:14  Supply Depot  
  13  0:23  Refinery  
  13  0:25  SCV  
  14  0:38  SCV  
  15  0:45  Barracks  
  15  0:51  SCV  
  16  1:11  SCV  
  17  1:18  Supply Depot  
  17  1:23  SCV  
  18  1:33  Reaper  
  18  1:35  SCV  
  18  1:38  Refinery  
  20  1:47  SCV  
  21  1:59  SCV  
  22  2:09  Factory, Barracks Reactor  
  22  2:13  SCV  
  23  2:18  Supply Depot  
  23  2:25  SCV  
  24  2:41  Supply Depot  
  24  2:54  Supply Depot  
  24  3:26  Marine x2  
  26  3:35  Factory Tech Lab  
  26  3:39  Command Center  
  26  3:43  Barracks, Marine  
  26  3:44  Marine  
  28  4:01  Marine  
  28  4:02  Marine  
  30  4:15  Siege Tank  
  33  4:19  Marine x2  
  35  4:37  Marine x2  
  36  4:44  Barracks Tech Lab  
  36  4:48  Siege Tank  
  39  4:55  Marine x2  
  41  5:00  Ghost Academy  
  41  5:01  Orbital Command  
  41  5:12  Marine  
  41  5:13  Marine  
  43  5:30  Marine  
  43  5:31  Marine  
  38  5:40  Ghost  
  38  5:42  Combat Shields  
  39  5:48  Marine x2  
  41  5:51  Personal Cloaking  
  41  5:57  Ghost Academy  
  41  5:59  SCV  
  42  6:06  Marine x2  
  42  6:09  Ghost  
  46  6:11  SCV  
  47  6:43  Nuke  
  47  6:48  SCV  
  47  6:50  Refinery  
  47  6:52  Marine  
  47  6:53  Marine  
  50  7:00  SCV  
  51  7:10  Marine x2  
  51  7:12  SCV  
  54  7:17  Nuke  
  54  7:24  Starport, SCV  
  54  7:28  Marine x2  
  57  7:36  SCV  
  58  7:46  Marine x2  
  62  7:51  Marauder  
  62  8:01  Engineering Bay  
  62  8:04  Marine x2  
  66  8:13  Marauder  
  66  8:21  Marine  
  66  8:22  Marine  
  70  8:34  Marauder  
  70  9:03  Missile Turret, Orbital Command  
  70  9:07  Marine x2, Starport Tech Lab  
  70  9:08  Marauder  
  74  9:21  Nuke  
  74  9:22  Nuke  
  74  9:25  Missile Turret, Marine x2  
  74  9:29  Marauder  
  78  9:33  Viking  
  80  9:43  Marine x2  
  82  9:52  Terran Infantry Weapons Level 1  
  82  10:01  Marine x2, SCV  
  82  10:03  Medivac  
  87  10:08  Refinery  
  87  10:13  SCV  
  88  10:33  Medivac  
  90  10:43  Command Center  
  90  10:56  Marine x2  
  92  11:03  Medivac  
  94  11:06  Supply Depot  
  94  11:28  Marine x2  
  96  11:45  Marine x2  
  96  11:46  Terran Infantry Armor Level 1  
  98  12:03  Medivac, Marine x2  
  102  12:14  Refinery  
  102  12:21  Marine x2  
  104  12:27  Missile Turret  
  104  12:28  Marauder  
  104  12:39  Marine x2  
  106  12:50  Marauder  
  102  12:57  Marine x2  
  49  13:08  Siege Tank  
  49  13:11  Marauder  
  52  13:33  Marauder  
  54  13:40  Siege Tank, Hi-Sec Auto Tracking  
  53  13:50  Marine x2  
  53  13:54  Marauder  
  57  13:57  Bunker  
  57  14:00  Bunker  
  57  14:01  Bunker  
  57  14:08  Marine x2  
  59  14:13  Siege Tank  
  59  14:15  Marine  
  50  14:25  Marine  
  50  14:26  Marine  
  47  14:33  Marine  
  42  14:43  Marine x2  
  39  14:50  Marine  
  32  15:01  Planetary Fortress  
  32  15:05  Missile Turret  
  28  15:08  Missile Turret  
  28  15:09  Missile Turret  
  28  15:12  Missile Turret  
  27  15:15  Missile Turret  
  27  15:16  Missile Turret  
  27  15:19  Missile Turret  
  22  15:51  Missile Turret  
  22  15:53  Sensor Tower  
  22  15:54  Missile Turret  
  22  15:55  Missile Turret  
  22  16:00  Missile Turret  
  22  16:01  Missile Turret  
  18  16:08  Missile Turret  
  18  16:10  Missile Turret  
  7  16:19  Supply Depot  
  7  16:22  Supply Depot  
  7  16:25  Supply Depot  
Show
View Real Time Build Order
Export as new Build Order

нефалем Protoss 

Build Orders: Nexus First 

Get SALT Encoding   

  12  0:12  Assimilator  
  12  0:18  Assimilator  
  12  0:57  Nexus  
  12  1:03  Probe (Chrono Boost)  
  13  1:13  Probe (Chrono Boost)  
  14  1:37  Pylon  
  14  1:43  Probe (Chrono Boost)  
  14  1:44  Pylon  
  15  2:01  Gateway  
  15  2:02  Probe (Chrono Boost)  
  16  2:13  Probe (Chrono Boost)  
  17  2:20  Probe (Chrono Boost)  
  18  2:23  Probe (Chrono Boost)  
  19  2:34  Gateway  
  19  2:45  Assimilator  
  19  2:50  Probe (Chrono Boost)  
  19  2:51  Assimilator  
  20  3:01  Probe (Chrono Boost)  
  21  3:11  Probe (Chrono Boost)  
  21  3:12  Gateway  
  22  3:22  Probe (Chrono Boost)  
  23  3:32  Probe (Chrono Boost)  
  24  3:42  Gateway  
  24  3:43  Probe (Chrono Boost)  
  25  3:54  Probe (Chrono Boost)  
  26  4:05  Probe (Chrono Boost)  
  27  4:10  Cybernetics Core  
  27  4:15  Probe (Chrono Boost)  
  27  4:16  Forge  
  28  4:26  Probe (Chrono Boost)  
  29  4:36  Probe (Chrono Boost)  
  30  4:47  Probe (Chrono Boost)  
  31  4:58  Probe (Chrono Boost)  
  32  5:11  Probe (Chrono Boost)  
  33  5:22  Mothership Core (Chrono Boost)  
  33  5:27  Sentry  
  37  5:33  Stalker  
  39  5:37  Adept  
  39  5:41  Zealot  
  43  5:53  Sentry  
  45  6:02  Protoss Ground Weapons Level 1  
  45  6:14  Robotics Facility  
  45  6:48  Pylon  
  45  6:58  Pylon  
  45  7:03  Pylon  
  45  7:06  Sentry, Adept, Stalker, Zealot  
  53  7:23  Warp Prism  
  55  7:33  Sentry, Adept, Zealot  
  55  7:36  Stalker  
  63  7:49  Robotics Bay  
  63  7:54  Stargate  
  63  7:56  Protoss Ground Armor Level 1  
  63  7:59  Sentry, Warp Prism  
  63  8:00  Adept  
  69  8:41  Gravitic Drive  
  69  9:38  Observer Gravitic Boosters  
  69  9:48  Pylon  
  69  9:51  Protoss Shields Level 1  
  69  9:53  Pylon  
  69  10:06  Adept, Stalker, Warp Prism, Zealot  
  77  10:07  Pylon  
  77  10:33  Zealot  
  77  10:35  Extended Thermal Lance  
  79  10:36  Stalker  
  79  10:41  Warp Prism  
  83  11:05  Fleet Beacon  
  83  11:11  Twilight Council  
  83  11:17  Warp Prism  
  85  11:42  Warp Gate  
  85  11:51  Anion Pulse-Crystals  
  85  11:52  Charge  
  91  12:55  Graviton Catapult  
  4  15:08  Nexus  
  4  16:53  Pylon  
  4  17:29  Nexus  
Show
View Real Time Build Order
Export as new Build Order

Alex Zerg - Winner!

Build Orders: Pool First 

Get SALT Encoding   

  12  0:10  Overlord  
  12  0:19  Drone x2  
  14  0:36  Drone x2  
  16  0:54  Spawning Pool  
  16  0:55  Drone x2  
  17  1:07  Extractor  
  16  1:11  Extractor  
  16  1:13  Drone  
  16  1:15  Drone  
  17  1:32  Drone  
  18  1:38  Hatchery  
  18  1:39  Drone  
  18  1:43  Queen  
  20  1:59  Drone x2  
  22  2:15  Overlord  
  22  2:28  Overlord  
  22  2:31  Lair  
  22  2:38  Zergling x2  
  23  2:50  Zergling x2  
  24  2:54  Zergling x2  
  24  2:56  Queen  
  27  3:09  Drone x4  
  31  3:13  Drone x2  
  33  3:40  Spire  
  31  3:42  Zergling x6  
  34  4:00  Drone  
  35  4:02  Hatchery  
  34  4:15  Drone x2  
  34  4:16  Drone  
  37  4:20  Extractor  
  36  4:24  Extractor  
  35  4:38  Zergling x6  
  38  4:47  Drone x2  
  38  4:48  Drone x3  
  43  5:20  Metabolic Boost  
  43  5:22  Infestation Pit  
  42  5:35  Queen  
  37  5:41  Drone x3  
  42  5:55  Overlord x2  
  42  5:56  Overlord  
  42  6:08  Hive  
  42  6:13  Queen  
  42  6:18  Drone  
  45  6:22  Drone x3  
  48  6:32  Mutalisk x2  
  48  6:33  Mutalisk  
  48  6:37  Mutalisk x4  
  62  6:50  Zerg Flyer Weapons Level 1  
  62  7:02  Mutalisk x2  
  62  7:05  Overlord  
  66  7:10  Overlord x2  
  66  7:33  Ultralisk Cavern  
  66  7:35  Nydus Network, Drone x3  
  67  7:42  Drone x3  
  67  7:43  Drone x2  
  72  7:49  Extractor  
  71  7:53  Extractor  
  70  8:05  Mutalisk x2  
  59  8:38  Overseer  
  59  8:39  Overseer  
  59  8:43  Ultralisk x2  
  59  8:44  Zerg Flyer Armor Level 1  
  59  8:46  Mutalisk x2  
  75  8:54  Drone x4  
  79  9:00  Drone x2  
  79  9:01  Drone  
  82  9:18  Drone x3  
  85  9:25  Drone x4  
  85  9:27  Drone  
  90  9:40  Overlord x2  
  90  9:50  Overseer  
  90  10:12  Ultralisk x2  
  90  10:14  Overlord  
  102  10:20  Overlord  
  102  10:21  Overlord  
  102  10:32  Overlord  
  102  10:49  Ultralisk x3  
  120  10:53  Mutalisk x3  
  120  10:54  Mutalisk  
  128  11:26  Mutalisk x4  
  136  11:59  Mutalisk  
  138  12:01  Overlord x2  
  138  12:07  Overlord x3  
  106  13:38  Mutalisk x3  
  112  13:46  Ultralisk x4  
  136  13:50  Mutalisk x3  
  88  14:56  Mutalisk x3  
  92  15:15  Nydus Canal  
  92  15:45  Ultralisk x3  
  78  17:14  Ultralisk x3  
  96  17:23  Ultralisk x3  
  96  17:29  Ultralisk x2  
  132  17:30  Ultralisk  
Show
View Real Time Build Order
Export as new Build Order

Gracz Terran - Winner!

Build Orders: Reaper Expand 

Get SALT Encoding   

  12  0:04  SCV  
  13  0:14  Refinery  
  13  0:29  Supply Depot  
  13  0:30  SCV  
  14  0:42  SCV  
  15  0:54  SCV  
  16  0:57  Barracks  
  16  1:07  SCV  
  17  1:31  Barracks  
  17  1:49  Engineering Bay  
  17  1:52  Marine  
  18  2:11  Factory  
  18  2:19  Command Center  
  16  3:03  Reaper  
  15  4:01  Building Armor  
  15  4:02  Starport  
  15  4:03  Orbital Command  
  15  4:04  Barracks Reactor  
  15  4:05  Barracks Reactor  
  15  4:07  Factory Tech Lab  
  15  4:23  Refinery  
  15  4:24  SCV  
  15  4:36  SCV  
  15  4:48  SCV  
  15  4:50  Starport Tech Lab  
  16  4:53  Starport  
  16  5:00  SCV  
  17  5:09  Refinery  
  17  5:13  SCV  
  18  5:19  Banshee  
  21  5:25  SCV  
  21  5:33  Marine x3  
  21  5:34  Marine  
  25  5:37  SCV  
  26  5:47  SCV  
  28  5:50  SCV  
  28  5:54  Refinery  
  28  5:59  SCV  
  28  6:02  SCV  
  30  6:14  SCV  
  30  6:16  Supply Depot  
  31  6:26  SCV  
  31  6:30  SCV  
  33  6:36  Siege Tank  
  33  6:38  SCV  
  37  6:42  SCV  
  37  6:46  Supply Depot  
  38  6:49  Starport Tech Lab  
  38  6:50  SCV  
  40  6:54  SCV  
  40  7:02  SCV  
  40  7:06  SCV  
  42  7:13  Armory  
  42  7:14  SCV  
  43  7:19  Fusion Core  
  43  7:32  Sensor Tower  
  43  7:51  Marine x4  
  47  7:59  Missile Turret  
  47  8:10  Supply Depot  
  47  8:18  SCV  
  48  8:30  SCV  
  34  8:50  Supply Depot  
  34  8:51  Battlecruiser  
  34  8:52  Battlecruiser  
  46  8:59  Starport  
  46  9:03  Reaper x2  
  46  9:04  Reaper x2  
  46  9:07  Behemoth Reactor  
  46  9:09  Terran Ship Weapons Level 1  
  50  9:15  Terran Infantry Weapons Level 1  
  50  9:26  Supply Depot  
  50  9:34  SCV  
  51  9:46  SCV  
  51  9:51  Starport Tech Lab  
  52  9:57  Starport  
  52  9:58  SCV  
  53  10:04  Weapon Refit  
  53  10:08  High Capacity Fuel Tanks  
  53  10:24  Banshee  
  53  10:28  SCV  
  57  10:29  SCV  
  58  10:37  Starport Reactor  
  58  10:41  SCV  
  59  10:54  SCV  
  60  11:01  Battlecruiser  
  60  11:03  Terran Vehicle And Ship Armor Level 1  
  66  11:04  Cloaking Field  
  66  11:06  SCV  
  66  11:10  Terran Infantry Armor Level 1  
  67  11:18  SCV  
  68  11:19  Medivac  
  68  11:21  Medivac  
  72  11:42  Marine  
  72  11:43  Marine x3  
  76  11:54  Battlecruiser  
  82  12:00  Marine  
  82  12:01  Marine  
  84  12:49  Battlecruiser  
  90  13:04  Hi-Sec Auto Tracking  
  87  14:31  Medivac x2  
  79  15:01  Medivac x2  
  79  15:58  Command Center  
  59  17:14  Orbital Command  
  71  17:25  Siege Tank  
Tags
 
Add a new tag
Caveats
  • Supply blocks, unpowered buildings, or Contaminate may cause inaccurate times.
  • Supply counts are checked every 10 seconds.